 Dungeon Crawl Stone Soup version 0.21-a0-110-g8e1637b (webtiles) character file.

5216 nikopol the Thaumaturge (level 10, -7/51 HPs)
             Began as a Deep Elf Fire Elementalist on July 8, 2017.
             Was a Believer of Vehumet.
             Mangled by a hornet (12 damage)
             ... on level 9 of the Dungeon.
             The game lasted 00:43:22 (9457 turns).

nikopol the Thaumaturge (DEFE)                      Turns: 9457, Time: 00:43:23

Health: -7/51      AC:  9    Str:  5    XL:     10   Next: 35%
Magic:  41/43      EV: 14    Int: 24    God:    Vehumet [**....]
Gold:   332        SH:  0    Dex: 15    Spells: 21/33 levels left

rFire    . . .     SeeInvis .   r - staff of power
rCold    . . .     Gourm    .   (no shield)
rNeg     . . .     Faith    .   d - +2 robe {MR+}
rPois    .         Spirit   .   R - +2 helmet
rElec    .         Reflect  .   I - +0 cloak
rCorr    +         Harm     .   (no gloves)
MR       ++...                  m - +0 pair of boots
Stlth    ++........             (no amulet)
HPRegen  0.17/turn              g - ring of loudness (curse)
MPRegen  0.28/turn              j - ring of resist corrosion

@: no status effects
A: no striking features
a: Renounce Religion


You were on level 9 of the Dungeon.
You worshipped Vehumet.
Vehumet was pleased with you.
You were hungry.

You visited 2 branches of the dungeon, and saw 11 of its levels.

You collected 454 gold pieces.
You spent 122 gold pieces at shops.

Inventory:

Hand Weapons
 h - a +4 short sword
Armour
 a - a +0 robe
 d - a +2 robe of magic resistance (worn)
 m - a +0 pair of boots (worn)
 t - a +1 helmet
 I - a +0 cloak (worn)
 R - a +2 helmet (worn)
Magical Staves
 r - an uncursed staff of power (weapon)
Jewellery
 g - a cursed ring of loudness (left hand)
 j - a ring of resist corrosion (right hand)
 n - an uncursed ring of poison resistance
Wands
 D - a wand of iceblast (10/15)
 F - a wand of flame (29/48)
 J - a wand of lightning (11/15)
 N - a wand of polymorph (13/24)
 O - a wand of iceblast (7/15)
 P - a wand of digging (15/24)
 T - a wand of acid (7/15)
Scrolls
 o - 3 scrolls of enchant weapon
 p - 3 scrolls of amnesia {unknown}
 q - 6 scrolls of teleportation {unknown}
 u - 2 scrolls of fear {unknown}
 v - 3 scrolls of magic mapping
 y - a scroll of immolation {unknown}
 z - a scroll of fog {unknown}
 A - a scroll of identify
 B - a scroll of noise {unknown}
 L - a scroll of recharging {unknown}
 M - a scroll of remove curse {unknown}
 Q - a scroll of brand weapon {unknown}
Potions
 e - 2 potions of agility {unknown}
 i - 2 potions of might
 k - 3 potions of haste
 w - 2 potions of lignification {unknown}
 x - 2 potions of mutation {unknown}
 G - a potion of brilliance {unknown}
 H - 2 potions of curing
 K - a potion of flight {unknown}
Books
 b - a book of Flames

   Spells                             Type                      Level
   a - Flame Tongue                   Conjuration/Fire             1
   b - Throw Flame                    Conjuration/Fire             2
   c - Conjure Flame                  Conjuration/Fire             3
   d - Inner Flame                    Hexes/Fire                   3
   e - Sticky Flame                   Conjuration/Fire             4
   f - Fireball                       Conjuration/Fire             5
 C - a book of Misfortune

   Spells                             Type                      Level
   a - Confusing Touch                Hexes                        1
   b - Confuse                        Hexes                        3
   c - Gell's Gravitas                Translocation                3
   d - Petrify                        Transmutation/Earth          4
   e - Metabolic Englaciation         Hexes/Ice                    5
   f - Yara's Violent Unravelling     Hexes/Transmutation          5
 E - a book of Necromancy

   Spells                             Type                      Level
   a - Pain                           Necromancy                   1
   b - Animate Skeleton               Necromancy                   1
   c - Vampiric Draining              Necromancy                   3
   d - Regeneration                   Charms/Necromancy            3
   e - Animate Dead                   Necromancy                   4
   f - Control Undead                 Necromancy                   4
Comestibles
 c - 8 bread rations
 f - 5 meat rations
 l - 4 royal jellies
 s - 6 fruits


   Skills:
 + Level 0.4 Fighting
 + Level 3.5 Dodging
 + Level 4.3 Stealth
 + Level 12.1 Spellcasting
 + Level 9.1 Conjurations
 + Level 9.6 Fire Magic
 + Level 0.8 Air Magic


You had 21 spell levels left.
You knew the following spells:

 Your Spells              Type           Power        Failure   Level  Hunger
a - Flame Tongue          Conj/Fire      #####        1%          1    None
b - Throw Flame           Conj/Fire      ######       1%          2    None
c - Conjure Flame         Conj/Fire      ######..     1%          3    None
d - Fireball              Conj/Fire      ######....   2%          5    ###....
e - Shock                 Conj/Air       ####         1%          1    None


Dungeon Overview and Level Annotations

Branches:
Dungeon (10/15)            Temple (1/1) D:7             Orc (0/2) D:9
   Lair: D:8-11

Altars:
Ashenzari
Cheibriados
Dithmenos
Elyvilon
Fedhas
Gozag
Hepliaklqana
Kikubaaqudgha
Makhleb
Nemelex Xobeh
Okawaru
Qazlal
Ru
Sif Muna
Trog
Uskayaw
Vehumet
Wu Jian
Xom
Yredelemnul
Zin
The Shining One
Beogh

Shops:
D:4 *[(*


Message History

The flame tongue misses the killer bee.
You feel yourself speed up.
You feel sick. The killer bee misses you. The hornet closely misses you.
The killer bee stings you.
* * * LOW HITPOINT WARNING * * *
The hornet stings you.
* * * LOW HITPOINT WARNING * * *
You shrug off the repeated paralysis!
The killer bee barely misses you.
You feel better. The killer bee barely misses you.
The hornet barely misses you. The killer bee barely misses you.
Casting: Flame Tongue
Confirm with . or Enter, or press ? or * to list all spells.
Aiming: Flame Tongue
Press: ? - help, Shift-Dir - straight line, f/p - killer bee
Aim: a killer bee (lightly wounded)
The flame tongue misses the killer bee.
The hornet misses you. The killer bee stings you.
* * * LOW HITPOINT WARNING * * *
The hornet stings you!
You die...

### ..# ..### ##############
.>..######....yy@y....#
...............######.#
......####.###.# #.#
..#.<......###.######.#
....#)####............###########
..................##.............
.#.##.####..##.##.##............#
.).##.####..##.##.##..#######...#
............##.##.##..# ##.##


You could see a hornet and 2 killer bees.

Vanquished Creatures
  A centaur warrior (D:9)
  Pikel (D:8)
  A hungry ghost (D:8)
  5 orc warriors
  An ice beast (D:8)
  2 sky beasts (D:8)
  4 slaves (D:8)
  7 ogres
  3 phantoms
  3 centaurs
  4 bullfrogs
  A gnoll sergeant (D:8)
  3 scorpions
  9 killer bees
  4 wights (D:8)
  A howler monkey (D:6)
  2 crimson imps
  A quasit (D:9)
  3 jellies
  4 orc priests
  A bullfrog skeleton (D:9)
  Crazy Yiuf (D:6)
  2 hounds
  8 orc wizards
  Jessica (D:2)
  An iguana (D:8)
  4 worker ants
  8 gnolls
  11 adders
  2 shadow imps (D:8)
  4 worms
  2 dart slugs
  7 leopard geckos
  34 orcs
  3 ball pythons
  4 bats
  3 giant cockroaches
  7 goblins
  10 hobgoblins
  10 jackals
  6 quokkas
  4 frilled lizards
  6 kobolds
  2 leopard gecko skeletons
  A quokka zombie (D:5)
  7 rats
209 creatures vanquished.

Notes
Turn   | Place    | Note
-------+----------+-------------------------------------------
     0 | D:1      | nikopol the Deep Elf Fire Elementalist began the quest for the Orb.
     0 | D:1      | Reached XP level 1. HP: 10/10 MP: 6/6
    86 | D:1      | Reached XP level 2. HP: 15/15 MP: 2/8
    90 | D:1      | Learned a level 2 spell: Throw Flame
   231 | D:1      | Reached XP level 3. HP: 16/19 MP: 0/9
   686 | D:2      | Noticed Jessica
   692 | D:2      | Killed Jessica
   692 | D:2      | Reached skill level 4 in Spellcasting
   692 | D:2      | Reached XP level 4. HP: 24/24 MP: 8/12
   701 | D:2      | Learned a level 3 spell: Conjure Flame
  2014 | D:3      | Reached XP level 5. HP: 28/28 MP: 13/13
  2021 | D:3      | Learned a level 5 spell: Fireball
  2125 | D:3      | Reached skill level 5 in Spellcasting
  2673 | D:3      | Reached skill level 5 in Fire Magic
  2836 | D:3      | Found a glowing golden altar of the Shining One.
  2974 | D:3      | Reached XP level 6. HP: 28/32 MP: 16/16
  3187 | D:4      | Reached skill level 6 in Spellcasting
  3223 | D:4      | Found Feint's Antique Armour Boutique.
  3231 | D:4      | Bought a runed robe for 122 gold pieces
  3261 | D:4      | Found Mumaumut's General Store.
  3395 | D:4      | Found Quaqocs's Weapon Boutique.
  3401 | D:4      | Reached XP level 7. HP: 36/36 MP: 18/18
  3798 | D:4      | Found Muxibys's Assorted Antiques.
  3861 | D:4      | Found a sacrificial altar of Ru.
  3864 | D:4      | Found a shattered altar of Ashenzari.
  3867 | D:4      | Found a white marble altar of Elyvilon.
  3892 | D:5      | Entered Level 5 of the Dungeon
  4043 | D:5      | Reached skill level 7 in Spellcasting
  4800 | D:6      | Reached XP level 8. HP: 41/41 MP: 21/21
  4834 | D:6      | Reached skill level 8 in Spellcasting
  4837 | D:6      | Reached skill level 5 in Conjurations
  5037 | D:6      | Found a runed door.
  5504 | D:6      | Noticed Crazy Yiuf
  5507 | D:6      | Killed Crazy Yiuf
  5865 | D:7      | Reached skill level 9 in Spellcasting
  6061 | D:7      | Found a staircase to the Ecumenical Temple.
  6078 | Temple   | Entered the Ecumenical Temple
  6128 | Temple   | Became a worshipper of Vehumet
  6717 | D:8      | Reached XP level 9. HP: 27/46 MP: 24/24
  6998 | D:8      | Found a deep blue altar of Sif Muna.
  6998 | D:8      | Found a hide-covered altar of Uskayaw.
  7061 | D:8      | Noticed Pikel
  7064 | D:8      | Reached skill level 10 in Spellcasting
  7068 | D:8      | Killed Pikel
  7251 | D:8      | Reached * piety under Vehumet
  7251 | D:8      | Offered knowledge of Shock by Vehumet.
  7261 | D:8      | Learned a level 1 spell: Shock
  7880 | D:8      | Reached skill level 11 in Spellcasting
  8338 | D:9      | Noticed a centaur warrior
  8342 | D:9      | Killed a centaur warrior
  8342 | D:9      | Reached XP level 10. HP: 8/51 MP: 25/27
  8348 | D:9      | HP: 2/51 [poisoned by a worker ant]
  8953 | D:9      | Found a staircase to the Orcish Mines.
  8970 | D:9      | Found a roughly hewn altar of Beogh.
  8989 | D:9      | Reached skill level 12 in Spellcasting
  8997 | D:9      | Reached ** piety under Vehumet
  8999 | D:9      | Offered knowledge of Sting by Vehumet.
  9274 | D:9      | Found a glowing golden altar of the Shining One.
  9331 | D:10     | Entered Level 10 of the Dungeon
  9452 | D:9      | Paralysed by a hornet for 2 turns
  9455 | D:9      | HP: 1/51 [hornet (5)]
  9457 | D:9      | Mangled by a hornet

Vault maps used:
D:1:      dpeg_arrival_rooms_with_view
D:2:      uniq_jessica
D:3:      lemuel_coloured_pillars_altar
D:4:      grunt_temple_overflow_diamond, serial_shops, shop_fountains, shop,
          nicolae_shop_waterfront, shop, kennysheep_generic_room_14
D:5:      first_bread
D:6:      uniq_crazy_yiuf_cottage
D:7:      minmay_temple_entry_glassed_door
D:8:      gammafunk_temple_overflow_elements, grunt_ogre_cave,
          kennysheep_kite_vault, uniq_pikel
D:9:      minmay_orc_entry_temple_small, tso_altar
D:10:     lair_entry_dummy, enter_bailey_2, wad_floor_pattern_untrapped,
          david_defended_altar_orc
Temple:   nicolae_temple_elliptical

Skill      XL: |  1  2  3  4  5  6  7  8  9 10 |
---------------+-------------------------------+-----
Fire Magic     | 4 5 6 7 9 |  9.6
Spellcasting   | 4 5 6 7 9 11 12 | 12.1
Stealth        | 3 4 |  4.3
Conjurations   | 2 3 4 6 8 9 |  9.1
Dodging        | 3 |  3.5
Fighting       | |  0.4
Air Magic      | |  0.8

Action                   |  1- 3 |  4- 6 |  7- 9 | 10-12 || total
-------------------------+-------+-------+-------+-------++-------
 Cast: Flame Tongue      |    50 |   143 |   244 |    39 ||   476
       Throw Flame       |     1 |    25 |    38 |     6 ||    70
       Conjure Flame     |       |     7 |    15 |     1 ||    23
       Fireball          |       |       |    12 |     6 ||    18
       Shock             |       |       |     6 |     6 ||    12
  Use: Scroll            |       |     3 |     2 |     1 ||     6
       Potion            |       |       |       |     2 ||     2
  Eat: Chunk             |       |     8 |    16 |     4 ||    28
Armor: Robe              |     4 |     4 |    20 |     5 ||    33
Dodge: Dodged            |     8 |    25 |    51 |    41 ||   125
